 Dungeon Crawl Stone Soup version 0.23.0-28-g6fe0f4d (webtiles) character file.

Game seed: 1326787135915174093

3896 Borgoz the Grappler (level 10, -5/80 HPs)
             Began as a Ghoul Warper on Feb 25, 2019.
             Slain by an orc warrior
             ... wielding a +0 battleaxe
              (23 damage)
             ... on level 8 of the Dungeon.
             The game lasted 00:22:48 (8955 turns).

Borgoz the Grappler (Ghoul Warper)                  Turns: 8955, Time: 00:22:49

Health: -5/80      AC:  7    Str: 19    XL:     10   Next: 20%
Magic:  14/14      EV: 14    Int:  9    God:
Gold:   426        SH:  0    Dex: 10    Spells: 10/15 levels left

rFire    . . .     SeeInvis .     - Unarmed
rCold    + + .     Gourm    .   (no shield)
rNeg     + + +     Faith    .   q - +0 ring mail
rPois    ∞         Spirit   .   (no helmet)
rElec    .         Reflect  .   (no cloak)
rCorr    .         Harm     .   (no gloves)
MR       .....                  v - +0 pair of boots
Stlth    ++........             s - amulet of regeneration
HPRegen  0.00/turn              D - +2 ring of evasion
MPRegen  0.14/turn              y - ring "Oppemn" {rC+ Str+3}

@: very slightly contaminated, rotting, invisible
A: rotting body, claws 1, carnivore, cold resistance 1, negative energy
resistance 3, inhibited regeneration, torment resistance, unbreathing
a: no special abilities


You were on level 8 of the Dungeon.
You were not hungry.

You visited 2 branches of the dungeon, and saw 10 of its levels.
You also visited: Ossuary.

You collected 426 gold pieces.

Inventory:

Missiles
 d - 5 tomahawks of dispersal (quivered)
Armour
 q - a +0 ring mail (worn)
 v - a +0 pair of boots (worn)
 C - a +2 scale mail of cold resistance
Jewellery
 l - an uncursed ring of flight
 s - an amulet of regeneration (around neck)
 y - the ring "Oppemn" (right claw) {rC+ Str+3}
   (You found it on level 5 of the Dungeon)

   [ring of protection from cold]

   It affects your strength (+3).
   It protects you from cold.
 D - a +2 ring of evasion (left claw)
Wands
 g - a wand of iceblast (11)
 m - a wand of flame (46)
 p - a wand of digging (6)
 w - a wand of paralysis (5)
 z - a wand of random effects (20)
Scrolls
 c - 3 scrolls of blinking
 j - a scroll of summoning
 k - a scroll of enchant weapon
 n - 2 scrolls of magic mapping
 o - 4 scrolls of remove curse
Potions
 a - a potion of agility
 b - a potion of magic
 e - a potion of curing
 h - a potion of flight
 r - 3 potions of brilliance
 t - 3 potions of haste
 u - 5 potions of cancellation
 B - a potion of might
Comestibles
 f - 12 rations
 i - a chunk of flesh


   Skills:
 + Level 4.7 Fighting
 - Level 0.8 Throwing
 + Level 5.4 Armour
 * Level 4.8 Dodging
 + Level 4.1 Stealth
 + Level 9.9 Unarmed Combat
 - Level 3.3 Spellcasting
 + Level 3.0 Hexes
 - Level 3.9 Translocations
 - Level 1.0 Evocations


You had 10 spell levels left.
You knew the following spells:

 Your Spells              Type           Power        Failure   Level  Hunger
a - Blink                 Tloc           N/A          14%         2    ###....
b - Confuse               Hex            #.......     38%         3    ###....

Your spell library contained the following spells:

 Spells                   Type           Power        Failure   Level  Hunger
 Confusing Touch          Hex            #.....       14%         1    #......
 Gell's Gravitas          Tloc           #.........   28%         3    ###....
 Lesser Beckoning         Tloc           #.........   28%         3    ###....
 Teleport Other           Tloc           #.......     28%         3    ###....
 Shroud of Golubria       Chrm/Tloc      #.........   32%         2    ###....
 Passage of Golubria      Tloc           N/A          67%         4    #####..
 Petrify                  Tmut/Erth      #.......     99%         4    #####..
 Metabolic Englaciation   Hex/Ice        #.........   100%        5    ######.
 Yara's Violent Unravell  Hex/Tmut       #.........   100%        5    ######.


Dungeon Overview and Level Annotations

Branches:
Dungeon (9/15)             Temple (1/1) D:5
   Lair: D:8-11         Orc: D:9-12

Altars:
Cheibriados
Dithmenos
Elyvilon
Fedhas
Hepliaklqana
Kikubaaqudgha
Makhleb
Nemelex Xobeh
Okawaru
Qazlal
Ru
Sif Muna
Trog
Uskayaw
Vehumet
Wu Jian
Xom
Yredelemnul
Zin
The Shining One


Innate Abilities, Weirdness & Mutations

Your body is rotting away.
You thrive on raw meat.
You are immune to poison.
You have sharp fingernails.
You are carnivorous and can eat meat at any time.
Your flesh is cold resistant. (rC+)
You are immune to negative energy. (rN+++)
You do not regenerate when monsters are visible.
You are immune to unholy pain and torment.
You can survive without breathing.


Message History

You strike the helpless orc priest from behind!
You claw the orc priest!
The orc priest is heavily wounded.
The orc warrior closely misses you. Something hits you.
* * * LOW HITPOINT WARNING * * *
The orc priest hits you but does no damage.
You catch the helpless orc priest completely off-guard!
You claw the orc priest!
You kill the orc priest!
Something hits you but does no damage. The orc warrior closely misses you.
You scratch the orc warrior but do no damage.
The orc warrior is heavily wounded.
You hear some strange, mumbled words.
A puff of flame appears from out of thin air!
The puff of flame hits you.
* * * LOW HITPOINT WARNING * * *
You scratch the orc warrior but do no damage.
The orc warrior is heavily wounded.
The orc warrior hits you with a +0 battleaxe!!
You die...

...... .....
###.... #....#
#....# #))..#
#....# #####o)..#
#...#@...#
#...'....#
######....# ..
#.........#
..#+####.........#
.................#
#...........##'##
#......#+####...#
#......#...#....#


You could see an orc warrior.

Vanquished Creatures
  Pikel (D:5)
  Sigmund (D:4)
  Edmund (D:4)
  A hornet zombie (D:6)
  2 sky beasts (D:7)
  An ice beast (D:7)
  2 slaves
  2 orc warriors (D:7)
  2 black bears
  3 ogres
  2 phantoms
  4 centaurs
  4 bullfrogs
  7 scorpions (Ossuary)
  A howler monkey (D:5)
  A centaur zombie (Ossuary)
  4 crimson imps
  2 human zombies (Ossuary)
  4 orc priests
  A hound (D:6)
  A centaur skeleton (D:6)
  3 bullfrog skeletons
  3 orc wizards
  2 worker ants
  2 big kobold zombies (Ossuary)
  A hound skeleton (D:5)
  4 mummies
  2 worker ant zombies
  A gnoll (D:1)
  A howler monkey skeleton (D:4)
  10 adders
  6 scorpion zombies (Ossuary)
  A shadow imp (D:7)
  An adder zombie (D:5)
  A worm (D:4)
  3 dart slugs
  6 leopard geckos
  21 orcs
  2 giant cockroaches (D:3)
  12 goblins
  5 hobgoblins
  7 jackals
  5 quokkas
  3 ball pythons
  7 bats
  6 frilled lizards
  A gnoll zombie (Ossuary)
  3 goblin zombies
  2 hobgoblin zombies (Ossuary)
  4 kobolds
  5 kobold zombies
  An orc zombie (Ossuary)
  2 quokka skeletons
  10 rats
190 creatures vanquished.

Notes
Turn   | Place    | Note
-------+----------+-------------------------------------------
     0 | D:1      | Borgoz the Ghoul Warper began the quest for the Orb.
     0 | D:1      | Reached XP level 1. HP: 17/17 MP: 2/2
   110 | D:1      | Reached skill level 1 in Armour
   287 | D:1      | Reached XP level 2. HP: 23/24 MP: 3/3
   462 | D:1      | Reached skill level 1 in Stealth
   609 | D:1      | Reached XP level 3. HP: 30/30 MP: 4/4
  1371 | D:2      | Reached XP level 4. HP: 23/37 MP: 5/5
  1487 | D:2      | Reached skill level 3 in Unarmed Combat
  1525 | D:2      | Found a deep blue altar of Sif Muna.
  2260 | D:3      | Reached XP level 5. HP: 19/42 MP: 6/6
  2270 | D:3      | Learned a level 2 spell: Blink
  2386 | D:3      | Noticed an ogre
  2418 | D:3      | Killed an ogre
  2418 | D:3      | Reached skill level 4 in Unarmed Combat
  2900 | D:4      | Reached XP level 6. HP: 37/50 MP: 7/7
  3131 | D:4      | Noticed Sigmund
  3149 | D:4      | Killed Sigmund
  3149 | D:4      | Reached skill level 5 in Unarmed Combat
  3149 | D:4      | Reached skill level 1 in Evocations
  3156 | D:4      | Noticed Edmund
  3620 | D:4      | Learned a level 3 spell: Confuse
  3668 | D:5      | Entered Level 5 of the Dungeon
  3773 | D:5      | Found a sand-covered staircase.
  3781 | D:5      | Reached XP level 7. HP: 45/55 MP: 8/8
  3828 | D:5      | Noticed Pikel
  3861 | Ossuary  | Entered an ossuary
  4436 | Ossuary  | Reached skill level 6 in Unarmed Combat
  4966 | Ossuary  | Reached XP level 8. HP: 28/63 MP: 9/9
  5256 | Ossuary  | Reached skill level 7 in Unarmed Combat
  5808 | D:5      | Reached skill level 8 in Unarmed Combat
  6061 | D:5      | Killed Pikel
  6061 | D:5      | Reached skill level 1 in Hexes
  6061 | D:5      | Reached XP level 9. HP: 29/70 MP: 10/12
  6086 | D:5      | Found a staircase to the Ecumenical Temple.
  6108 | Temple   | Entered the Ecumenical Temple
  6364 | D:5      | Got a heavily runed tin ring
  6381 | D:5      | Identified the ring "Oppemn" {rC+ Str+3} (You found it on
                  | level 5 of the Dungeon)
  6873 | D:6      | Reached skill level 9 in Unarmed Combat
  7006 | D:6      | Found a glowing silver altar of Zin.
  7006 | D:6      | Found a snail-covered altar of Cheibriados.
  7006 | D:6      | Found an ornate altar of the Wu Jian Council.
  7813 | D:7      | Reached skill level 5 in Armour
  7953 | D:7      | Reached XP level 10. HP: 52/80 MP: 14/14
  8183 | D:7      | Found a shimmering altar of Xom.
  8591 | D:4      | Killed Edmund
  8955 | D:8      | Slain by an orc warrior

Skill      XL: |  1  2  3  4  5  6  7  8  9 10 |
---------------+-------------------------------+-----
Armour         | 1 2 3 4 5 |  5.4
Dodging        | 2 3 4 |  4.8
Stealth        | 1 2 3 4 |  4.1
Unarmed Combat | 3 4 5 6 8 9 |  9.9
Evocations     | 1 |  1.0
Fighting       | 3 4 |  4.7
Spellcasting   | 2 3 |  3.3
Hexes          | 1 2 3 |  3.0
Translocations | 3 |  3.9
Throwing       | |  0.8

Action                   |  1- 3 |  4- 6 |  7- 9 | 10-12 || total
-------------------------+-------+-------+-------+-------++-------
Melee: Unarmed           |   130 |   184 |   510 |    83 ||   907
       Punch             |       |     1 |    10 |     3 ||    14
 Cast: Blink             |       |     1 |       |       ||     1
Evoke: Wand              |       |    11 |     4 |       ||    15
  Use: Potion            |     2 |     7 |     7 |     1 ||    17
       Scroll            |     1 |    11 |     4 |     2 ||    18
 Stab: Sleeping          |     1 |     3 |     2 |     1 ||     7
       Invisible         |       |       |       |     2 ||     2
  Eat: Chunk             |     4 |    17 |    50 |     4 ||    75
Armor: Leather armour    |    46 |    22 |    18 |       ||    86
       Ring mail         |       |       |    81 |    26 ||   107
Dodge: Dodged            |    97 |    91 |   212 |    43 ||   443
